 Dungeon Crawl Stone Soup version 0.18-a0-1788-g92de1ac (webtiles) character file.

2650 MrRokkomies the Slicer (level 9, -1/39 HPs)
             Began as a Spriggan Enchanter on Apr 21, 2016.
             Was a Believer of Sif Muna.
             Slain by an orc warrior (18 damage)
             ... on level 7 of the Dungeon.
             The game lasted 00:36:29 (8790 turns).

MrRokkomies the Slicer (Spriggan Enchanter)         Turns: 8790, Time: 00:36:30

Health: -1/39      AC:  5    Str:  6    XL:     9   Next: 36%
Magic:  1/17       EV: 21    Int: 18    God:    Sif Muna [**....]
Gold:   348        SH:  0    Dex: 16    Spells: 4 memorised, 7 levels left

rFire  . . .     SeeInvis +     a - +0 rapier
rCold  . . .     Gourm    .     D - +2 robe
rNeg   . . .     Faith    .     (shield restricted)
rPois  +         Spirit   .     (helmet restricted)
rElec  .         Dismiss  .     u - +0 cloak
rCorr  .         Reflect  .     (gloves unavailable)
SustAt .         Harm     .     (boots unavailable)
MR     +....                    (no amulet)
Stlth  +++.......               B - ring of wizardry
                                y - ring of poison resistance

@: very quick, somewhat resistant to hostile enchantments, fairly stealthy
A: unfitting armour, see invisible, herbivore 3, speed 3, slow metabolism 2
a: Channel Energy, Renounce Religion


You were on level 7 of the Dungeon.
You worshipped Sif Muna.
Sif Muna was pleased with you.
You were not hungry.

You visited 2 branches of the dungeon, and saw 8 of its levels.
You also visited: Ossuary.

You collected 375 gold pieces.
You spent 27 gold pieces at shops.

Inventory:

Hand Weapons
 a - a +0 rapier (weapon)
 b - a +0 blowgun
Missiles
 l - 9 tomahawks (quivered)
 m - 5 poisoned needles
Armour
 u - a +0 cloak (worn)
 D - a +2 robe (worn)
Jewellery
 e - an uncursed ring of fire
 y - a ring of poison resistance (left hand)
 B - a ring of wizardry (right hand)
Wands
 k - a wand of lightning (15/15)
 o - a wand of confusion (22/48)
 w - a wand of flame (19/48)
Scrolls
 h - 3 scrolls of enchant weapon
 q - 3 scrolls of recharging
 r - 5 scrolls of teleportation
 s - 2 scrolls of blinking
 x - 5 scrolls of remove curse
 G - a scroll of enchant armour
Potions
 f - 4 potions of brilliance
 g - 2 potions of agility
 i - a potion of curing
 p - 2 potions of lignification
 t - a potion of ambrosia
 v - a potion of berserk rage
 C - a potion of invisibility
 E - a potion of haste {unknown}
 F - 3 potions of resistance
 H - a potion of might {unknown}
 I - a potion of magic {unknown}
Books
 c - a book of Maledictions

   Spells                             Type                      Level
   a - Corona                         Hexes                        1
   b - Ensorcelled Hibernation        Hexes/Ice                    2
   c - Confuse                        Hexes                        3
   d - Tukima's Dance                 Hexes                        3
   e - Dazzling Spray                 Conjuration/Hexes            3
 A - a book of Geomancy

   Spells                             Type                      Level
   a - Sandblast                      Earth                        1
   b - Passwall                       Transmutation/Earth          2
   c - Stone Arrow                    Conjuration/Earth            3
   d - Petrify                        Transmutation/Earth          4
   e - Lee's Rapid Deconstruction     Earth                        5
Comestibles
 d - a bread ration
 j - 3 royal jellies
 z - 2 fruits


   Skills:
 - Level 9.0 Short Blades
 * Level 6.0 Dodging
 - Level 4.4 Stealth
 - Level 5.0 Spellcasting
 * Level 3.0 Conjurations
 - Level 7.0 Hexes
 - Level 4.0 Ice Magic


You had 7 spell levels left.
You knew the following spells:

 Your Spells              Type           Power        Failure   Level  Hunger
a - Dazzling Spray        Conj/Hex       ###.....     2%          3    ##.....
b - Ensorcelled Hibernat  Hex/Ice        ###...       1%          2    #......
c - Confuse               Hex            ####....     1%          3    ##.....
d - Tukima's Dance        Hex            ####....     1%          3    ##.....


Dungeon Overview and Level Annotations

Branches:
Dungeon (7/15)             Temple (1/1) D:4

Altars:
Ashenzari
Cheibriados
Dithmenos
Elyvilon
Fedhas
Gozag
Kikubaaqudgha
Makhleb
Nemelex Xobeh
Pakellas
Qazlal
Ru
Sif Muna
Trog
Vehumet
Xom
Yredelemnul
Zin

Shops:
D:6 (


Innate Abilities, Weirdness & Mutations

You are tiny and cannot use many weapons and most armour.
You have supernaturally acute eyesight.
You are a herbivore.
You cover ground extremely quickly.
You need consume almost no food.


Message History

Your scimitar hits the orc warrior! You closely miss the orc warrior.
The orc warrior is moderately wounded.
The orc warrior misses you.
You hit the orc warrior but do no damage.
The orc warrior is moderately wounded.
The orc warrior misses you.
Your scimitar hits the orc warrior! You barely miss the orc warrior.
The orc warrior is severely wounded.
The orc warrior completely misses you.
You hit the orc warrior.
The orc warrior is severely wounded.
Your scimitar hits the orc warrior but does no damage.
The orc warrior hits your scimitar!
You closely miss the orc warrior.
The orc warrior is severely wounded.
You hit the orc warrior.
The orc warrior is almost dead.
Your scimitar hits the orc warrior. The orc warrior hits you!!
You die...

#.......# ##s....# #
#.......# #....##
#.......# #....#
#.......#####.!..#
#$.........##....#
#.....$.##....(..#
#.....(.#######..[...
#....o..# #######
####@#### #.# #.# ##
#........ ..
######### ##


You could see an orc warrior and a friendly scimitar.

Vanquished Creatures
  Eustachio (D:6)
  Menkaure (D:6)
  A sky beast (D:6)
  2 orc warriors
  An ice beast (D:6)
  A phantom (D:7)
  An ogre (D:6)
  A centaur (D:7)
  6 giant frogs
  5 water moccasin zombies (Ossuary)
  2 howler monkeys
  4 crimson imps (D:5)
  2 hounds
  4 orc priests
  5 orc wizards
  A centaur skeleton (D:7)
  A giant frog skeleton (D:4)
  4 iguanas
  Ijyb (D:2)
  5 worker ants
  A big kobold zombie (Ossuary)
  A hound zombie (D:5)
  A hound skeleton (D:4)
  2 mummies (Ossuary)
  9 adders
  A shadow imp (D:7)
  4 adder zombies (Ossuary)
  An adder skeleton (D:5)
  3 worms (D:2)
  2 dart slugs (D:2)
  3 giant geckos
  17 orcs
  2 ball pythons
  3 bats
  7 giant cockroaches
  5 goblins
  2 hobgoblins
  20 jackals
  A quokka (D:3)
  2 giant newts (D:2)
  6 gnoll zombies (Ossuary)
  6 hobgoblin zombies (Ossuary)
  A jackal zombie (D:6)
  8 kobolds
  4 kobold zombies (Ossuary)
  3 orc zombies (Ossuary)
  A quokka skeleton (D:3)
  4 rats
169 creatures vanquished.

Vanquished Creatures (collateral kills)
  An orc (D:5)
  A giant newt (D:5)
2 creatures vanquished.

Vanquished Creatures (others)
  2 dancing weapons
2 creatures vanquished.

Grand Total: 173 creatures vanquished

Notes
Turn   | Place    | Note
--------------------------------------------------------------
     0 | D:1      | MrRokkomies the Spriggan Enchanter began the quest for the Orb.
     0 | D:1      | Reached XP level 1. HP: 9/9 MP: 5/5
   384 | D:1      | Reached XP level 2. HP: 13/13 MP: 6/6
   837 | D:1      | Learned a level 2 spell: Ensorcelled Hibernation
  1033 | D:2      | Reached skill level 2 in Short Blades
  1184 | D:2      | Noticed Ijyb
  1195 | D:2      | Killed Ijyb
  1195 | D:2      | Reached XP level 3. HP: 5/16 MP: 2/8
  1415 | D:2      | Learned a level 3 spell: Confuse
  1415 | D:2      | Found a white marble altar of Elyvilon.
  1455 | D:2      | Reached skill level 5 in Hexes
  1455 | D:2      | Reached XP level 4. HP: 21/21 MP: 6/9
  1834 | D:2      | Reached skill level 3 in Short Blades
  2093 | D:3      | Found a bloodstained altar of Trog.
  3029 | D:3      | Reached XP level 5. HP: 23/24 MP: 10/10
  3164 | D:4      | Found a staircase to the Ecumenical Temple.
  3169 | Temple   | Entered the Ecumenical Temple
  3548 | D:4      | Reached skill level 4 in Short Blades
  3575 | D:4      | Found a deep blue altar of Sif Muna.
  3580 | D:4      | Became a worshipper of Sif Muna the Loreminder
  3967 | D:4      | Reached XP level 6. HP: 22/28 MP: 6/11
  4265 | D:5      | Entered Level 5 of the Dungeon
  4276 | D:4      | Learned a level 3 spell: Tukima's Dance
  4376 | D:5      | Found a shimmering altar of Xom.
  4380 | D:5      | Noticed an orc warrior
  5024 | D:5      | Reached skill level 5 in Short Blades
  5042 | D:5      | Found an ancient bone altar of Kikubaaqudgha.
  5202 | D:5      | Reached skill level 1 in Ice Magic
  5217 | D:5      | Noticed a balrug
  5218 | D:5      | Found a burning altar of Makhleb.
  5224 | D:5      | Found a glowing silver altar of Zin.
  5224 | D:5      | Noticed an angel
  5278 | D:5      | HP: 1/28 [orc wizard/dagger (4)]
  5302 | D:5      | Reached XP level 7. HP: 21/32 MP: 0/12
  5647 | D:5      | Reached skill level 6 in Short Blades
  5736 | D:5      | Reached * piety under Sif Muna
  6156 | D:6      | Noticed Eustachio
  6181 | D:6      | Killed Eustachio
  6181 | D:6      | Reached XP level 8. HP: 35/36 MP: 8/13
  6183 | D:6      | Reached skill level 7 in Short Blades
  6379 | D:6      | Found a blossoming altar of Fedhas.
  6410 | D:6      | Found Keoqoz's Weapon Emporium.
  6418 | D:6      | Bought a +0 blowgun for 27 gold pieces
  6420 | D:6      | Noticed Menkaure
  6435 | D:6      | Killed Menkaure
  6527 | D:6      | Found a basalt altar of Yredelemnul.
  6551 | D:6      | Found a stormy altar of Qazlal.
  6764 | D:6      | Found an opulent altar of Gozag.
  6808 | D:6      | Reached skill level 8 in Short Blades
  7117 | D:6      | Learned a level 3 spell: Dazzling Spray
  7423 | D:6      | Reached ** piety under Sif Muna
  7470 | D:6      | Reached skill level 5 in Spellcasting
  7900 | D:7      | Reached skill level 9 in Short Blades
  7900 | D:7      | Reached skill level 1 in Conjurations
  8073 | D:7      | Reached XP level 9. HP: 31/39 MP: 14/17
  8156 | D:7      | Found a sand-covered staircase.
  8165 | Ossuary  | Entered an ossuary
  8529 | Ossuary  | Reached skill level 5 in Dodging
  8790 | D:7      | Slain by an orc warrior

Vault maps used:
D:1:      minmay_arrival_wavy_path, minmay_door_square, minmay_misc_feat_pillars
D:2:      elyvilon_altar_3, minivault_25, uniq_iyjb
D:3:      overflow_temple_1_default
D:4:      overflow_temple_1_default, temple_doors_e, first_bread,
          minmay_misc_feat_iff, grunt_decor_mini_mirrors
D:5:      grunt_temple_overflow_order_and_chaos_2, xom_teletrap_fun,
          lemuel_round_altar, nicolae_zen_rock_garden
D:6:      nicolae_overflow_hidden_temple, grunt_gozag_breadcrumbs,
          fedhas_altar_4, lemuel_round_altar, serial_shops, shop, serial_glass,
          glass_columns_a, glass_columns_c, due_unseen_surprise,
          item_on_display_b, item_on_display_a, item_on_display_a,
          hangedman_decor_points, st_stairs_1, uniq_menkaure, uniq_eustachio
D:7:      lightli_ossuary_entry_decrepit_ruins
Temple:   temple_island_7
Ossuary:  ossuary_tomb_2

Skill      XL: |  1  2  3  4  5  6  7  8  9 |
---------------+----------------------------+-----
Hexes          | 4 5 6 7 |  7.0
Short Blades   | 2 3 4 5 6 9 |  9.0
Ice Magic      | 1 3 4 |  4.0
Spellcasting   | 5 |  5.0
Conjurations   | 1 3 |  3.0
Dodging        | 6 |  6.0
Stealth        | |  4.4

Action                   |  1- 3 |  4- 6 |  7- 9 || total
-------------------------+-------+-------+-------++-------
Melee: Dagger            |    66 |   266 |   101 ||   433
       Rapier            |       |       |   345 ||   345
 Fire: Blowgun           |       |       |     4 ||     4
 Cast: Ensorcelled Hiber |    11 |    54 |    49 ||   114
       Confuse           |       |    11 |    31 ||    42
       Tukima's Dance    |       |     6 |     4 ||    10
Evoke: Wand              |       |       |     6 ||     6
  Use: Scroll            |     3 |    15 |     5 ||    23
       Potion            |       |     3 |     2 ||     5
 Stab: Sleeping          |    16 |    26 |    32 ||    74
       Confused          |       |     5 |    25 ||    30
  Eat: Pizza             |       |     1 |       ||     1
       Bread ration      |       |     1 |     2 ||     3
       Fruit             |       |       |     1 ||     1
Armor: Robe              |     7 |    41 |    53 ||   101
Dodge: Dodged            |    48 |   236 |   338 ||   622
